 Dungeon Crawl Stone Soup version 0.20.1-1-g8b1a95d (webtiles) character file.

67316 FollowTheCloud the Spry (level 15, -1/120 HPs)
             Began as a Merfolk Summoner on Sept 7, 2017.
             Was a High Priest of Sif Muna.
             Killed by divine providence
             ... invoked by an orc priest
              (16 damage)
             ... on level 2 of the Orcish Mines.
             The game lasted 02:15:13 (38104 turns).

FollowTheCloud the Spry (Merfolk Summoner)         Turns: 38104, Time: 02:15:14

Health: -1/120     AC:  6    Str: 10    XL:     15   Next: 22%
Magic:  10/39      EV: 24    Int: 28    God:    Sif Muna [*****.]
Gold:   2308       SH:  0    Dex: 15    Spells: 10/37 levels left

rFire    + . .     SeeInvis +   V - +7 bardiche "Ifi Vuni" {chop, MP+9 SInv Stlth-}
rCold    . . .     Gourm    .   (shield currently unavailable)
rNeg     . . .     Faith    .   s - +2 robe {rF+}
rPois    +         Spirit   .   (helmet restricted)
rElec    +         Reflect  .   (no cloak)
rCorr    .         Harm     .   (no gloves)
MR       +....                  R - +0 pair of boots "Jamuttin" {rElec rPois Stlth+}
Stlth    ++........             y - amulet of magic regeneration
Regen    0.3/turn               P - +5 ring of intelligence
MPRegen  0.4/turn               J - +4 ring of intelligence

@: no status effects
A: change form in water, swift swim, stealthy swim, horns 1, shaggy fur 1
a: Divine Energy, Channel Magic, Forget Spell, Renounce Religion


You were on level 2 of the Orcish Mines.
You worshipped Sif Muna.
Sif Muna was extremely pleased with you.
You were very hungry.

You visited 4 branches of the dungeon, and saw 22 of its levels.
You also visited: Ice Cave and Volcano.

You collected 2308 gold pieces.

Inventory:

Hand Weapons
 v - a +0 trident of venom
 V - the +7 bardiche "Ifi Vuni" (weapon) {chop, MP+9 SInv Stlth-}
   (You found it on level 2 of the Lair of Beasts)

   It inflicts extra damage upon your enemies.
   It affects your magic capacity (+9).
   It lets you see invisible.
   It makes you less stealthy.
Armour
 s - a +2 robe of fire resistance (worn)
 I - a +2 robe of positive energy
 R - the +0 pair of boots "Jamuttin" (worn) {rElec rPois Stlth+}
   (You found it in a volcano)

   It insulates you from electricity.
   It protects you from poison.
   It makes you more stealthy.
Jewellery
 q - an uncursed ring of see invisible
 y - an amulet of magic regeneration (around neck)
 F - an uncursed ring of resist corrosion
 J - a +4 ring of intelligence (right hand)
 O - an uncursed ring of protection from magic
 P - a +5 ring of intelligence (left hand)
 X - an uncursed ring of protection from cold
Wands
 i - a wand of iceblast (9/15)
 w - a wand of disintegration (12/24)
 A - a wand of acid (5/15)
 Q - a wand of acid (5/15)
 T - a wand of iceblast (8/15)
 U - a wand of polymorph (10/24)
 Y - a wand of paralysis (10/24)
 Z - a wand of disintegration (8/24)
Scrolls
 d - 5 scrolls of identify
 h - 9 scrolls of amnesia
 j - 3 scrolls of enchant armour
 k - 4 scrolls of enchant weapon
 m - 6 scrolls of remove curse
 p - 7 scrolls of teleportation
 u - a scroll of blinking
 C - a scroll of acquirement {unknown}
 D - a scroll of recharging {unknown}
 E - a scroll of vulnerability {unknown}
 K - 2 scrolls of torment {unknown}
 N - a scroll of fear {unknown}
 S - 2 scrolls of holy word
 W - 2 scrolls of fog {unknown}
Potions
 a - 3 potions of magic
 e - 2 potions of degeneration {unknown}
 f - 2 potions of ambrosia
 o - 5 potions of flight
 r - 5 potions of curing
 x - 4 potions of agility
 B - 4 potions of brilliance
 G - 2 potions of might
 H - 3 potions of berserk rage {unknown}
 M - 2 potions of haste
Books
 n - Sif Muna's Tome of the Congealing Escort
   (Sif Muna gifted it to you on level 4 of the Lair of Beasts)

   Spells                             Type                      Level
   a - Ensorcelled Hibernation        Hexes/Ice                    2
   b - Summon Lightning Spire         Summoning/Air                4
   c - Summon Mana Viper              Hexes/Summoning              5
   d - Freezing Cloud                 Conjuration/Ice/Air          6
   e - Spellforged Servitor           Conjuration/Summoning        7
   f - Malign Gateway                 Summoning/Translocation      7
Miscellaneous
 b - a lamp of fire
 l - a fan of gales
Comestibles
 c - 2 bread rations
 g - 12 royal jellies
 t - 10 meat rations
 z - 10 fruits


   Skills:
 + Level 12.0 Fighting
 + Level 13.6 Polearms
 + Level 16.1 Dodging
 - Level 2.1 Stealth
 + Level 11.8 Spellcasting
 + Level 12.9 Summonings
 - Level 2.5 Translocations


You had 10 spell levels left.
You knew the following spells:

 Your Spells              Type           Power        Failure   Level  Hunger
a - Blink                 Tloc           N/A          1%          2    None
b - Call Imp              Summ           ######..     1%          2    None
c - Call Canine Familiar  Summ           ######..     1%          3    None
d - Summon Ice Beast      Ice/Summ       ######..     2%          4    None
e - Summon Lightning Spi  Summ/Air       ######..     2%          4    None
m - Monstrous Menagerie   Summ           ######....   14%         7    ######.
z - Summon Mana Viper     Hex/Summ       ######..     6%          5    ###....


Dungeon Overview and Level Annotations

Branches:
Dungeon (13/15)            Temple (1/1) D:7            Lair (6/6) D:9
 Shoals (0/4) Lair:4        Snake (0/4) Lair:2        Slime (0/5) Lair:5
    Orc (2/2) D:12            Elf (0/3) Orc:2        Vaults (0/5) D:13

Altars:
Ashenzari
Cheibriados
Dithmenos
Elyvilon
Fedhas
Gozag
Hepliaklqana
Kikubaaqudgha
Makhleb
Nemelex Xobeh
Okawaru
Qazlal
Ru
Sif Muna
Trog
Uskayaw
Vehumet
Xom
Yredelemnul
Zin
The Shining One
Beogh
Jiyva

Shops:
D:9 (


Innate Abilities, Weirdness & Mutations

You revert to your normal form in water.
You are very nimble and swift while swimming.
You are very stealthy in the water. (Stealth+)
You have a pair of small horns on your head.
You are covered in fur. (AC +1)


Message History

The orc warrior dies!
Sif Muna accepts your kill.
Your lindwurm barely misses the orc priest.
Your lindwurm claws the orc priest but does no damage.
Your lindwurm claws the orc priest.
The orc priest calls down the wrath of Beogh upon you.
Beogh smites you!
* * * LOW HITPOINT WARNING * * *
Your mana viper bites the orc priest!
The orc priest dies!
Sif Muna accepts your kill.
The orc priest mumbles some strange prayers to Beogh against you.
Beogh smites you!
* * * LOW HITPOINT WARNING * * *
The orc priest barely misses your mana viper.
The orc warrior barely misses your lightning spire.
The orc priest miscasts a cantrip.
The orc priest invokes the aid of Beogh against you.
Beogh smites you!
You die...

###### ##.#...####
########.......#.#
####(#...#.......... #
##.#.......#.......# .##
#......((..#.#....## ...#
##.#.....))........##.$#
###.###.#.รท>............#
.#...######.#.#.@...$..#
.#..## ######.....##.##
....# #.#.#.o).k#...#
...### #.....o.S8S.....
...#.## ##.#...oH)oo....
...#..### #...oooo..#.#
........## #####..o### #
.).......#


ooooo. .)<).....### #..o#.. You could see 2 orc warriors, 9 orc priests, 3 orcs,
a friendly manticore, a friendly lindwurm, 2 friendly mana vipers and a friendly
lightning spire.

Vanquished Creatures
  An orc warlord (Orc:1)
  A yaktaur captain (D:13)
  Fannar (Lair:1)
  Erica (Lair:1)
  3 death yaks
  3 two-headed ogres
  An unseen horror (D:12)
  3 wizards (Volcano)
  A lindwurm (Lair:5)
  A deep elf archer (Orc:2)
  Pikel (D:7)
  A deep elf mage (D:12)
  2 toenail golems (Volcano)
  3 elephants
  A merfolk siren (Lair:4)
  Maurice (Orc:1)
  4 black mambas
  Joseph (D:10)
  3 centaur skeletons
  10 spiny frogs
  2 yaktaurs (D:13)
  A rime drake (Lair:3)
  3 trolls
  11 polar bears
  A merfolk (D:10)
  A hornet (D:9)
  2 tyrant leeches (Lair:6)
  Prince Ribbit (D:6)
  9 blink frogs
  2 dream sheep
  6 hippogriffs
  A spriggan (D:10)
  The ghost of Glorg the Conjurer, an amateur TeFE of Vehumet (D:4)
  29 yaks
  2 vampires
  2 wraiths
  6 wyverns
  A vampire mosquito (Lair:6)
  2 nagas (Lair:2)
  6 water moccasins
  4 porcupines
  4 sky beasts
  2 eyes of draining
  7 orc warriors
  3 ice beasts
  3 black bears
  3 ogres
  2 phantoms (D:4)
  A necrophage (D:9)
  17 wolves
  5 centaurs
  5 crocodiles
  A big kobold (D:12)
  20 bullfrogs
  A scorpion (D:10)
  3 killer bees (D:7)
  5 wights
  2 electric eels
  3 howler monkeys
  6 crimson imps
  3 centaur zombies
  A bullfrog zombie (D:12)
  A quasit (D:11)
  3 orc priests
  2 bullfrog skeletons
  5 hounds
  5 jellies
  11 orc wizards
  4 iguanas
  4 hell rats (Lair:4)
  10 worker ants
  A killer bee zombie (D:6)
  2 hound skeletons
  A worker ant zombie (D:9)
  11 adders
  12 gnolls
  3 shadow imps
  3 oozes
  An adder zombie (D:5)
  2 worms
  A dart slug (D:2)
  7 leopard geckos
  31 orcs
  4 giant cockroaches
  5 goblins
  5 hobgoblins
  2 jackals
  4 quokkas
  6 bats
  5 frilled lizards
  6 kobolds
  4 rats
  A plant (Lair:5)
395 creatures vanquished.

Vanquished Creatures (collateral kills)
  A frost giant (IceCv)
  Snorg (D:13)
  7 hydras
  A centaur warrior (D:13)
  An anaconda (Lair:5)
  A dancing weapon (Volcano)
  5 death yaks
  3 two-headed ogres
  An orc high priest (Orc:2)
  A wizard (Volcano)
  3 orc knights
  An orc sorcerer (Orc:2)
  A deep elf mage (D:10)
  3 oklob plants (Lair:3)
  3 cyclopes
  A manticore (D:13)
  A centaur zombie (D:13)
  2 black mambas (Lair:5)
  3 toenail golems (Volcano)
  An ice statue (IceCv)
  11 elephants
  16 spiny frogs
  4 komodo dragons
  An efreet (D:13)
  The ghost of letownia the Insei, a novice OpTm (D:5)
  2 rime drakes
  A kobold demonologist (D:13)
  A troll (D:10)
  A hornet (D:8)
  2 merfolk (Lair:4)
  A tyrant leech (Lair:6)
  11 polar bears
  7 hippogriffs
  13 blink frogs
  11 dream sheep
  A vampire (D:11)
  Eustachio (D:6)
  35 yaks
  A hungry ghost (D:4)
  3 basilisks
  A warg (Orc:1)
  9 vampire mosquitoes
  A naga (Lair:2)
  7 water moccasins
  3 porcupines
  An ice beast (D:12)
  A phantom (D:7)
  A black bear (D:9)
  9 orc warriors
  4 ogres
  A sky beast (D:9)
  27 wolves
  6 centaurs
  4 crocodiles
  Blork the orc (D:6)
  2 gnoll sergeants
  9 bullfrogs
  3 scorpions
  4 killer bees (D:7)
  9 wights
  2 electric eels (Lair:6)
  3 howler monkeys
  3 crimson imps
  4 jellies
  A centaur skeleton (D:7)
  3 hounds
  11 orc priests
  11 orc wizards
  A gnoll shaman (D:6)
  4 iguanas
  4 worker ants
  2 hell rats (Lair:4)
  A worker ant zombie (D:9)
  14 gnolls
  4 adders
  A shadow imp (D:9)
  An adder skeleton (D:6)
  2 worms (D:2)
  A dart slug (D:1)
  37 orcs
  A ball python (D:1)
  2 giant cockroaches (D:3)
  5 goblins
  A hobgoblin (D:1)
  2 jackals (D:2)
  4 kobolds
  2 quokkas
  2 bats
  A frilled lizard (D:2)
  2 rats (D:1)
  2 plants
402 creatures vanquished.

Vanquished Creatures (others)
  A wizard (Volcano)
  A blink frog (Lair:2)
  5 dream sheep (Lair:2)
  A hound (D:7)
  A hound skeleton (D:10)
  An adder zombie (D:6)
  An orc (Orc:2)
  49 fungi
  59 plants
119 creatures vanquished.

Grand Total: 916 creatures vanquished

Notes
Turn   | Place    | Note
-------+----------+-------------------------------------------
     0 | D:1      | FollowTheCloud the Merfolk Summoner began the quest for the Orb.
     0 | D:1      | Reached XP level 1. HP: 13/13 MP: 3/3
   433 | D:2      | Reached XP level 2. HP: 3/20 MP: 0/5
   863 | D:2      | Learned a level 2 spell: Call Imp
  1086 | D:2      | Reached skill level 3 in Dodging
  1177 | D:2      | Reached skill level 1 in Fighting
  1472 | D:1      | Reached XP level 3. HP: 18/26 MP: 4/6
  1752 | D:2      | Learned a level 3 spell: Call Canine Familiar
  2052 | D:2      | Reached XP level 4. HP: 24/33 MP: 0/7
  2956 | D:3      | Reached skill level 4 in Dodging
  3030 | D:3      | Found a burning altar of Makhleb.
  3035 | D:3      | Found a radiant altar of Vehumet.
  3040 | D:3      | Found a shimmering altar of Xom.
  3058 | D:3      | Reached XP level 5. HP: 36/39 MP: 3/9
  3114 | D:3      | Found a hazy altar of Hepliaklqana.
  3119 | D:3      | Found a sacrificial altar of Ru.
  3134 | D:3      | Found an opulent altar of Gozag.
  3139 | D:3      | Found a snail-covered altar of Cheibriados.
  3340 | D:4      | Noticed Glorg's ghost (amateur TeFE)
  3374 | D:4      | Killed Glorg's ghost
  3374 | D:4      | Reached XP level 6. HP: 23/46 MP: 0/10
  3556 | D:4      | Reached skill level 5 in Dodging
  3556 | D:4      | Reached skill level 5 in Summonings
  4201 | D:4      | Noticed a phantom
  4213 | D:4      | Killed a phantom
  4213 | D:4      | Reached XP level 7. HP: 37/52 MP: 3/12
  4432 | D:4      | Noticed a hungry ghost
  4446 | D:4      | Killed a hungry ghost
  5050 | D:5      | Entered Level 5 of the Dungeon
  5052 | D:5      | Found a bloodstained altar of Trog.
  5165 | D:4      | Reached skill level 6 in Dodging
  5400 | D:5      | Noticed letownia's ghost (novice OpTm)
  5426 | D:5      | Killed letownia's ghost
  5426 | D:5      | Reached XP level 8. HP: 47/61 MP: 2/14
  5564 | D:5      | You fall through a shaft for 2 floors!
  5723 | D:7      | Reached skill level 5 in Fighting
  5854 | D:7      | Reached skill level 1 in Polearms
  5854 | D:7      | Reached skill level 7 in Dodging
  5971 | D:7      | Found a staircase to the Ecumenical Temple.
  5993 | D:7      | Noticed a two-headed ogre
  6047 | D:7      | Killed a two-headed ogre
  6047 | D:7      | Reached skill level 5 in Spellcasting
  6089 | Temple   | Entered the Ecumenical Temple
  6144 | Temple   | Became a worshipper of Sif Muna the Loreminder
  6205 | D:7      | Reached skill level 8 in Dodging
  6205 | D:7      | Reached XP level 9. HP: 55/68 MP: 16/16
  6406 | D:7      | Gained mutation: You are covered in fur. (AC +1) [potion of mutation]
  6406 | D:7      | Gained mutation: You have a pair of small horns on your head. [potion of mutation]
  7409 | D:6      | Reached skill level 5 in Polearms
  7441 | D:6      | Noticed Blork the orc
  7453 | D:6      | Killed Blork the orc
  7633 | D:6      | Reached * piety under Sif Muna
  7957 | D:6      | Noticed Prince Ribbit
  7977 | D:6      | Killed Prince Ribbit
  7977 | D:6      | Reached skill level 9 in Dodging
  8109 | D:6      | Found a shadowy altar of Dithmenos.
  8163 | D:6      | Noticed Eustachio
  8181 | D:6      | Killed Eustachio
  8307 | D:7      | Found a sparkling altar of Nemelex Xobeh.
  8315 | D:7      | Noticed Pikel
  8342 | D:7      | Killed Pikel
  8391 | D:7      | Learned a level 4 spell: Summon Ice Beast
  8396 | D:7      | Learned a level 4 spell: Summon Lightning Spire
  8401 | D:7      | Found a blossoming altar of Fedhas.
  8589 | D:6      | Reached XP level 10. HP: 56/74 MP: 13/19
  9487 | D:5      | Reached ** piety under Sif Muna
  9573 | D:8      | Reached skill level 10 in Dodging
  9723 | D:8      | Noticed a two-headed ogre
  9757 | D:8      | Killed a two-headed ogre
  9865 | D:8      | Paralysed by a hornet for 1 turns
  9938 | D:8      | Noticed a two-headed ogre
  9947 | D:8      | Killed a two-headed ogre
 10452 | D:9      | Noticed a two-headed ogre
 10460 | D:9      | Killed a two-headed ogre
 10608 | D:9      | Reached skill level 11 in Dodging
 10651 | D:9      | Reached XP level 11. HP: 24/81 MP: 17/22
 11142 | D:9      | Reached *** piety under Sif Muna
 11224 | D:9      | Noticed a two-headed ogre
 11228 | D:9      | Killed a two-headed ogre
 11276 | D:9      | Found a staircase to the Lair.
 11333 | D:9      | Found Oloam's Weapon Boutique.
 11788 | Lair:1   | Entered Level 1 of the Lair of Beasts
 12287 | Lair:1   | Noticed Erica
 12289 | Lair:1   | Noticed Fannar
 12371 | Lair:1   | Killed Erica
 12589 | Lair:1   | Noticed a four-headed hydra
 12596 | Lair:1   | Killed a four-headed hydra
 12596 | Lair:1   | Reached skill level 12 in Dodging
 12974 | Lair:1   | Killed Fannar
 13693 | Lair:2   | Found a staircase to the Snake Pit.
 14277 | Lair:2   | Learned a level 2 spell: Blink
 14341 | Lair:2   | Reached skill level 10 in Summonings
 14346 | Lair:2   | Found a shimmering altar of Xom.
 14880 | Lair:1   | Reached **** piety under Sif Muna
 15299 | Lair:2   | Got a scorched bardiche
 15300 | Lair:2   | Identified the +7 bardiche "Ifi Vuni" {chop, MP+9 SInv Stlth-} (You found it on level 2 of the Lair of Beasts)
 15746 | Lair:3   | Reached XP level 12. HP: 80/92 MP: 25/25
 17785 | Lair:3   | Noticed a five-headed hydra
 17785 | Lair:3   | Noticed a seven-headed hydra
 17831 | Lair:2   | Killed a six-headed hydra
 18091 | Lair:3   | Killed a seven-headed hydra
 18091 | Lair:3   | Reached skill level 13 in Dodging
 19024 | Lair:4   | Noticed a seven-headed hydra
 19105 | Lair:5   | HP: 4/94 [poisoned by a black mamba]
 19127 | Lair:5   | HP: 2/94 [wolf (7)]
 19145 | Lair:4   | HP: 4/94 [poisoned by a spiny frog]
 19177 | Lair:4   | HP: 3/94 [black mamba (17)]
 19653 | Lair:4   | Reached ***** piety under Sif Muna
 19702 | Lair:4   | Identified Sif Muna's Tome of the Congealing Escort (Sif Muna gifted it to you on level 4 of the Lair of Beasts)
 19702 | Lair:4   | Received a gift from Sif Muna
 19826 | Lair:4   | Reached skill level 10 in Polearms
 19914 | Lair:4   | Found a staircase to the Shoals.
 20430 | Lair:5   | You fall through a shaft!
 20430 | Lair:6   | Entered Level 6 of the Lair of Beasts
 20865 | Lair:5   | Reached skill level 10 in Spellcasting
 20869 | Lair:5   | Reached XP level 13. HP: 81/101 MP: 15/27
 21337 | Lair:5   | Found a viscous altar of Jiyva.
 21337 | Lair:5   | Found a staircase to the Slime Pits.
 22466 | Lair:5   | Reached skill level 14 in Dodging
 23973 | Lair:5   | Reached skill level 10 in Fighting
 25087 | Lair:5   | HP: 5/103 [poisoned by a spiny frog]
 25093 | Lair:5   | HP: 4/103 [poisoned by a spiny frog]
 25098 | Lair:5   | HP: 3/103 [poisoned by a spiny frog]
 25106 | Lair:5   | HP: 4/103 [poisoned by a spiny frog]
 25621 | Lair:5   | Identified Sif Muna's Incunabulum of Fetching Heat (Sif Muna gifted it to you on level 5 of the Lair of Beasts)
 25621 | Lair:5   | Received a gift from Sif Muna
 25644 | Lair:5   | Learned a level 5 spell: Summon Mana Viper
 26907 | Lair:6   | Reached XP level 14. HP: 80/111 MP: 19/28
 28323 | Lair:1   | Learned a level 2 spell: Ensorcelled Hibernation
 28347 | D:10     | Entered Level 10 of the Dungeon
 28771 | D:10     | Noticed Joseph
 28804 | D:10     | HP: 2/111 [Joseph/sling bullet (8)]
 29228 | D:10     | Killed Joseph
 29228 | D:10     | Reached skill level 15 in Dodging
 30080 | D:10     | Reached skill level 1 in Translocations
 30509 | D:11     | Found a frozen archway.
 30535 | IceCv    | Entered an ice cave
 30916 | IceCv    | Identified Sif Muna's Disquisition on Creative Translocation (Sif Muna gifted it to you in an ice cave)
 30916 | IceCv    | Received a gift from Sif Muna
 30973 | IceCv    | Learned a level 7 spell: Monstrous Menagerie
 31859 | IceCv    | Noticed a frost giant
 32311 | IceCv    | Killed a frost giant
 32476 | IceCv    | Identified Xedicel's Handbook of Ice
 33285 | D:12     | Found a staircase to the Orcish Mines.
 34641 | D:12     | Found a roughly hewn altar of Beogh.
 34837 | D:13     | Noticed Snorg
 34847 | D:13     | Killed Snorg
 35996 | D:13     | Found a gate to the Vaults.
 36432 | Orc:1    | Entered Level 1 of the Orcish Mines
 36448 | Orc:1    | Found a dark tunnel.
 36452 | Orc:1    | Noticed Maurice
 36463 | Orc:1    | Killed Maurice
 36463 | Orc:1    | Reached XP level 15. HP: 120/120 MP: 30/30
 36532 | Volcano  | Entered a volcano
 36883 | Volcano  | Reached skill level 16 in Dodging
 36913 | Volcano  | Got a pair of pitted boots
 36925 | Volcano  | Identified the +0 pair of boots "Jamuttin" {rElec rPois Stlth+} (You found it in a volcano)
 37133 | Orc:2    | Entered Level 2 of the Orcish Mines
 37133 | Orc:2    | Noticed an orc warlord
 37180 | Orc:1    | Killed an orc warlord
 37267 | Orc:1    | Identified Sif Muna's Collected Works on Entrancing Enhancements (Sif Muna gifted it to you on level 1 of the Orcish Mines)
 37267 | Orc:1    | Received a gift from Sif Muna
 37642 | Orc:2    | Found a roughly hewn altar of Beogh.
 37828 | Orc:2    | Found a staircase to the Elven Halls.
 38104 | Orc:2    | Killed from afar by an orc priest

Skill      XL: |  1  2  3  4  5  6  7  8  9 10 11 12 13 14 15 |
---------------+----------------------------------------------+-----
Dodging        | 3 4 5 6 8 9 11 12 13 14 15 16 | 16.1
Fighting       | 1 2 3 4 5 7 9 10 11 12 | 12.0
Spellcasting   | 3 4 5 6 7 9 10 11 | 11.8
Summonings     | 5 6 8 9 10 11 12 | 12.9
Polearms       | 3 6 8 10 12 13 | 13.6
Translocations | 2 |  2.5
Stealth        | |  2.1

Action                   |  1- 3 |  4- 6 |  7- 9 | 10-12 | 13-15 || total
-------------------------+-------+-------+-------+-------+-------++-------
Melee: Unarmed           |    42 |       |       |       |       ||    42
       Trident           |    62 |   147 |   255 |   430 |       ||   894
       Headbutt          |       |       |    10 |    69 |    98 ||   177
       Bardiche          |       |       |       |   120 |   641 ||   761
 Cast: Summon Small Mamm |    51 |    21 |    31 |    14 |       ||   117
       Call Imp          |     8 |    16 |    52 |    48 |     1 ||   125
       Call Canine Famil |       |     6 |    36 |    79 |    34 ||   155
       Summon Lightning  |       |       |     1 |    37 |    61 ||    99
       Summon Ice Beast  |       |       |       |    66 |    64 ||   130
       Blink             |       |       |       |    21 |    47 ||    68
       Summon Mana Viper |       |       |       |       |   114 ||   114
       Monstrous Menager |       |       |       |       |    22 ||    22
Invok: Forget Spell      |       |       |       |       |     1 ||     1
Evoke: Wand              |       |       |     1 |     2 |       ||     3
  Use: Potion            |       |       |     2 |     5 |     2 ||     9
       Scroll            |       |       |       |    10 |    23 ||    33
 Stab: Distracted        |     3 |     3 |     3 |    20 |    21 ||    50
       Sleeping          |     2 |       |       |     3 |     1 ||     6
       Paralysed         |       |       |       |     1 |       ||     1
  Eat: Chunk             |     5 |     8 |     8 |    34 |    49 ||   104
       Bread ration      |       |       |     2 |     2 |     7 ||    11
       Royal jelly       |       |       |     1 |       |       ||     1
Armor: Leather armour    |    58 |    31 |    28 |       |       ||   117
       Robe              |     1 |       |    12 |    83 |    98 ||   194
Dodge: Dodged            |   164 |   125 |   228 |   677 |  1082 ||  2276
